 Dungeon Crawl Stone Soup version 0.18.1-48-g4cf74bf (webtiles) character file.

34 Krovax2 the Digger (level 3, -2/19 HPs)
             Began as a Gargoyle Earth Elementalist on July 24, 2016.
             Slain by a hobgoblin (5 damage)
             ... led by Robin
             ... on level 1 of the Dungeon.
             The game lasted 00:07:38 (1849 turns).

Krovax2 the Digger (Gargoyle Earth Elementalist)    Turns: 1849, Time: 00:07:38

Health: -2/19      AC:  5    Str: 11    XL:     3   Next: 31%
Magic:  0/7        EV: 12    Int: 16    God:
Gold:   55         SH:  0    Dex: 10    Spells: 1 memorised, 7 levels left

rFire  . . .     SeeInvis .     h - +0 short sword
rCold  . . .     Gourm    .     a - +0 robe
rNeg   + . .     Faith    .     (no shield)
rPois  ∞         Spirit   .     (no helmet)
rElec  +         Dismiss  .     (no cloak)
rCorr  .         Reflect  .     (no gloves)
SustAt .         Harm     .     (no boots)
MR     .....                    (no amulet)
Stlth  ++........               (no ring)
                                (no ring)

@: very slightly contaminated, not resistant to hostile enchantments, unstealthy
A: negative energy resistance 1, electricity resistance, unbreathing,
petrification resistance, rot immunity, AC +3
a: no special abilities


You were on level 1 of the Dungeon.
You were not hungry.

You visited 1 branch of the dungeon, and saw 2 of its levels.

You collected 55 gold pieces.

Inventory:

Hand Weapons
 h - a +0 short sword (weapon)
 i - a +0 mace of holy wrath
Missiles
 b - 37 stones (quivered)
 o - 2 tomahawks
Armour
 a - a +0 robe (worn)
 e - a cursed +0 leather armour
Jewellery
 j - an uncursed ring of protection from cold {unknown}
Scrolls
 g - a scroll of teleportation {unknown}
Potions
 f - a potion of curing {unknown}
 l - a potion of lignification {unknown}
 m - a potion of agility {unknown}
Books
 c - a book of Geomancy

   Spells                             Type                      Level
   a - Sandblast                      Earth                        1
   b - Passwall                       Transmutation/Earth          2
   c - Stone Arrow                    Conjuration/Earth            3
   d - Petrify                        Transmutation/Earth          4
   e - Lee's Rapid Deconstruction     Earth                        5
Comestibles
 d - 2 bread rations
 k - a slice of pizza


   Skills:
 - Level 1.5 Dodging
 - Level 2.1 Stealth
 * Level 3.0 Spellcasting
   Level 0.7 Transmutations
 + Level 4.2 Earth Magic


You had 7 spell levels left.
You knew the following spells:

 Your Spells              Type           Power        Failure   Level  Hunger
a - Sandblast             Erth           ###...       4%          1    #......


Dungeon Overview and Level Annotations

Branches:
Dungeon (2/15)

Altars:
Nemelex Xobeh

Annotations:
D:2 Robin


Innate Abilities, Weirdness & Mutations

You are resistant to torment.
Your stone body is resilient (AC +3).
You are immune to poison.
You resist negative energy.
You are resistant to electric shocks.
You can survive without breathing.
You are immune to petrification.
You are immune to rotting.


Message History

The hobgoblin misses you.
You hit the goblin.
You kill the goblin!
The goblin closely misses you. Robin hits you but does no damage.
The hobgoblin closely misses you. The goblin closely misses you.
Robin completely misses you.
There is a stone staircase leading up here.
Things that are here:
a club; a goblin corpse x2
You can't go down here!
The hobgoblin no longer looks unusually strong.
The goblin hits you.
* * * LOW HITPOINT WARNING * * *
Robin closely misses you.
The hobgoblin hits you but does no damage.
You climb upwards.
There is a stone staircase leading down here.
You hit the goblin but do no damage. The goblin closely misses you.
The hobgoblin hits you.
You die...

.#.#.......#.#...##......#
##.........#.######......#
.......###.#.# #####.##
###.....##.#.# #.# #
#..........##########.# #
#............#......#.#
###.........##....###.#.#########
.##.........##......#.#.#........
.##.........##..@g..#.#.#.#######
..####.#....##..g...#.#.#.# ..#
#.#....##......#.#.#.######
..####.###.###......#.#........#
........##.#######.##.###.####.#
........##................# #.#
........####.....####.....# #.#
........# #.###.#....#...# #.#
........# #.# #)#........# #.#


You could see a hobgoblin and a goblin.

Vanquished Creatures
  An ooze (D:1)
  A giant gecko (D:1)
  A giant cockroach (D:1)
  4 goblins
  5 hobgoblins (D:1)
  2 jackals (D:1)
  3 kobolds (D:1)
  A quokka (D:2)
  A ball python (D:2)
  A bat (D:1)
  A giant newt (D:1)
  4 rats
25 creatures vanquished.

Notes
Turn   | Place    | Note
--------------------------------------------------------------
     0 | D:1      | Krovax2 the Gargoyle Earth Elementalist began the quest for the Orb.
     0 | D:1      | Reached XP level 1. HP: 10/10 MP: 3/3
   396 | D:1      | Reached XP level 2. HP: 15/15 MP: 3/5
   717 | D:1      | Reached skill level 4 in Earth Magic
  1116 | D:1      | Reached XP level 3. HP: 14/19 MP: 0/7
  1301 | D:1      | Found a sparkling altar of Nemelex Xobeh.
  1820 | D:2      | Noticed Robin
  1849 | D:1      | Slain by a hobgoblin

Skill      XL: |  1  2  3 |
---------------+----------+-----
Earth Magic    | 4 |  4.2
Spellcasting   | 3 |  3.0
Dodging        | |  1.5
Stealth        | |  2.1
Transmutations | |  0.7

Action                   || total
-------------------------++-------
Melee: Unarmed           ||     4
       Short sword       ||    41
 Cast: Sandblast         ||    35
 Stab: Sleeping          ||     2
  Eat: Chunk             ||     3
Armor: Robe              ||    21
Dodge: Dodged            ||    50
